 Dungeon Crawl Stone Soup version 0.26.1-11-gd32895ea62 (webtiles) character file.

Game seed: 331653005908254198

6957 Zeld the Geomancer (level 11, -8/66 HPs)
             Began as a Gargoyle Earth Elementalist on June 11, 2021.
             Was a Believer of Sif Muna.
             Mangled by a boulder beetle (18 damage)
             ... on level 11 of the Dungeon.
             The game lasted 00:17:31 (13225 turns).

Zeld the Geomancer (Gargoyle Earth Elementalist)   Turns: 13225, Time: 00:17:32

Health: -8/66      AC: 11    Str: 12    XL:     11   Next: 7%
Magic:  27/41      EV: 13    Int: 19    God:    Sif Muna [**....]
Gold:   370        SH:  0    Dex:  7    Spells: 11/26 levels left

rFire    . . .     SeeInvis .   s - +11 quarterstaff of Wyrd {protect, rN+ MP+9 Dex-3}
rCold    . . .     Faith    .   (shield currently unavailable)
rNeg     + + .     Spirit   .   c - +0 robe
rPois    ∞         Reflect  .   (no helmet)
rElec    +         Harm     .   (no cloak)
rCorr    .         Rampage  .   w - +0 pair of gloves
Will     .....                  (no boots)
Stlth    ++........             (no amulet)
HPRegen  0.21/turn              y - ring of magical power
MPRegen  0.27/turn              (no ring)

@: no status effects
A: negative energy resistance 1, electricity resistance, unbreathing,
petrification resistance, miasma immunity, AC +8
a: Renounce Religion, Channel Magic


You were on level 11 of the Dungeon.
You worshipped Sif Muna.
Sif Muna was pleased with you.
You visited 2 branches of the dungeon, and saw 12 of its levels.

You collected 1798 gold pieces.
You spent 1428 gold pieces at shops.

Inventory:

Hand Weapons
 s - the +11 quarterstaff of Wyrd (weapon) {protect, rN+ MP+9 Dex-3}
   (You found it on level 11 of the Dungeon)

   It grants its wielder temporary protection when it strikes (+7 to AC).
   It affects your dexterity (-3).
   It protects you from negative energy.
   It affects your magic capacity (+9).
Missiles
 z - 81 stones (quivered)
Armour
 c - a +0 robe (worn)
 w - a +0 pair of gloves (worn)
Magical Staves
 a - an uncursed staff of earth
Jewellery
 y - a ring of magical power (left hand)
Wands
 b - a wand of polymorph (10)
 d - a wand of acid (9)
 p - a wand of digging (9)
 r - a wand of paralysis (12)
 x - a wand of iceblast (14)
Scrolls
 g - 4 scrolls of enchant armour
 h - 3 scrolls of magic mapping
 j - 6 scrolls of teleportation
 n - 4 scrolls of remove curse
 u - a scroll of enchant weapon
 v - 4 scrolls of fear
 B - a scroll of summoning
 F - a scroll of brand weapon
Potions
 e - a potion of invisibility
 f - 2 potions of brilliance
 i - a potion of heal wounds
 k - a potion of magic
 l - 3 potions of cancellation
 m - 9 potions of curing
 q - a potion of ambrosia
 C - 2 potions of resistance
 D - 2 potions of might
 E - 2 potions of haste


   Skills:
 + Level 6.5 Fighting
 + Level 5.5 Dodging
 - Level 5.0 Stealth
 * Level 8.2 Spellcasting
 + Level 5.9 Conjurations
 - Level 1.0 Transmutations
 * Level 10.9 Earth Magic
 + Level 1.4 Evocations


You had 11 spell levels left.
You knew the following spells:

 Your Spells              Type           Power        Failure   Level
a - Sandblast             Erth           98%          1%          1
b - Passwall              Tmut/Erth      25%          1%          2
c - Stone Arrow           Conj/Erth      78%          1%          3
d - Petrify               Tmut/Erth      30%          8%          4
e - Lee's Rapid Deconstr  Erth           24%          2%          5

Your spell library contained the following spells:

 Spells                   Type           Power        Failure   Level
 Dazzling Flash           Conj/Hex       38%          8%          3
 Corona                   Hex            7%           9%          1
 Ensorcelled Hibernation  Hex/Ice        14%          14%         2
 Confusing Touch          Hex            7%           26%         3
 Tukima's Dance           Hex            7%           26%         3


Dungeon Overview and Level Annotations

Branches:
Dungeon (11/15)            Temple (1/1) D:7            Lair (0/6) D:9
    Orc: D:9-12

Altars:
Ashenzari
Cheibriados
Dithmenos
Elyvilon
Fedhas
Gozag
Hepliaklqana
Kikubaaqudgha
Makhleb
Nemelex Xobeh
Okawaru
Qazlal
Ru
Sif Muna
Trog
Uskayaw
Vehumet
Wu Jian
Xom
Yredelemnul
Zin
The Shining One

Shops:
D:4 (   D:10 !:?


Innate Abilities, Weirdness & Mutations

You are resistant to torment.
Your stone body is resilient. (AC +8)
You are immune to poison.
You resist negative energy. (rN+)
You are resistant to electric shocks. (rElec)
You can survive without breathing.
You are immune to petrification.
You are immune to miasma.


Message History

A boulder beetle is nearby!
A boulder beetle is nearby!
The boulder beetle hits you!
The boulder beetle stops rolling and uncurls.
The boulder beetle misses you. The boulder beetle bites you.
You close the door.
The boulder beetle completely misses you.
Casting: Passwall (safe; 1% risk of failure)
Confirm with . or Enter, or press ? or * to list all spells.
Aiming: Passwall (safe; 1% risk of failure)
Press: ? - help, Dir - move target A rock wall.
The boulder beetle barely misses you.
You begin to meditate on the wall.
You continue meditating on the rock.
The boulder beetle bites you!!
* * * LOW HITPOINT WARNING * * *
You continue meditating on the rock.
The boulder beetle bites you!!
You die...

..........#....°.......#
.........<#....°.......#
..........#....B.......####
..........#................
#########.#........!.......
#.......#.#........#†..####
#.......#.#.######.#...#
#.......#.#.#..B.+.#...#
#.......#.#.#...@#.#...#
'.......'.# #....#.##...
#.......#.# ######.# ....
#.......#.# ..# #....
#.......#.# ..# #.......#.#
..# #.......#.# #.......#.#
######..#.#........####


You could see a boulder beetle.

Vanquished Creatures
  2 two-headed ogres (D:8)
  A troll (D:10)
  2 wyverns (D:10)
  An acid dragon (D:11)
  2 water moccasins (D:9)
  A sky beast (D:6)
  An eye of draining (D:10)
  2 ice beasts
  2 phantoms
  A necrophage (D:9)
  An orc warrior (D:11)
  A black bear (D:7)
  6 centaurs
  4 ogres
  4 bullfrogs
  A big kobold (D:7)
  A wyvern zombie (D:6)
  A gnoll sergeant (D:8)
  2 wyvern skeletons
  3 scorpions
  17 killer bees
  3 howler monkeys
  2 bullfrog zombies
  A quasit (D:10)
  10 hounds
  3 jellies
  4 orc priests
  2 bullfrog skeletons
  3 centaur skeletons
  Jessica (D:2)
  Ijyb (D:3)
  3 iguanas
  4 orc wizards
  10 worker ants
  A worker ant zombie (D:10)
  16 adders
  8 gnolls (D:8)
  2 shadow imps
  7 white imps
  An ufetubus (D:8)
  An ooze (D:5)
  4 adder skeletons
  An adder zombie (D:7)
  A worm (D:2)
  2 dart slugs
  7 leopard geckos
  36 orcs
  A ball python (D:6)
  5 giant cockroaches
  5 goblins
  12 hobgoblins
  10 jackals
  12 kobolds
  3 quokkas
  6 bats
  5 frilled lizards
  3 rats
252 creatures vanquished.

Notes
Turn   | Place    | Note
-------+----------+-------------------------------------------
     0 | D:1      | Zeld the Gargoyle Earth Elementalist began the quest for
                  | the Orb.
     0 | D:1      | Reached XP level 1. HP: 10/10 MP: 3/3
   289 | D:1      | Reached XP level 2. HP: 15/15 MP: 3/5
   292 | D:1      | Learned a level 2 spell: Passwall
   746 | D:1      | Reached skill level 4 in Earth Magic
  1114 | D:1      | Reached skill level 1 in Transmutations
  1237 | D:2      | Reached XP level 3. HP: 11/20 MP: 0/6
  1241 | D:2      | Learned a level 3 spell: Stone Arrow
  2101 | D:2      | Noticed Jessica
  2107 | D:2      | Killed Jessica
  2108 | D:2      | Reached skill level 1 in Fighting
  2108 | D:2      | Reached XP level 4. HP: 25/25 MP: 4/7
  2467 | D:3      | Reached XP level 5. HP: 29/29 MP: 7/9
  3034 | D:3      | Noticed Ijyb
  3070 | D:3      | Killed Ijyb
  3071 | D:3      | Reached skill level 5 in Earth Magic
  3540 | D:4      | Reached XP level 6. HP: 35/35 MP: 3/10
  3549 | D:4      | Learned a level 5 spell: Lee's Rapid Deconstruction
  4047 | D:4      | Found Evoibyom's Antique Weapon Emporium.
  4328 | D:4      | Reached XP level 7. HP: 40/40 MP: 9/12
  4656 | D:4      | You fall into a shaft and drop 1 floor!
  4656 | D:5      | Entered Level 5 of the Dungeon
  4665 | D:5      | Reached skill level 1 in Conjurations
  4665 | D:5      | Reached skill level 6 in Earth Magic
  5620 | D:5      | Reached XP level 8. HP: 46/46 MP: 11/14
  5625 | D:5      | Learned a level 4 spell: Petrify
  5929 | D:6      | Found a snail-covered altar of Cheibriados.
  6196 | D:6      | Found a broken altar of Ashenzari.
  6272 | D:6      | Reached skill level 7 in Earth Magic
  6383 | D:6      | Reached skill level 5 in Spellcasting
  6680 | D:6      | Reached skill level 5 in Stealth
  7032 | D:7      | Reached XP level 9. HP: 46/52 MP: 14/17
  7081 | D:7      | Reached skill level 8 in Earth Magic
  8036 | D:7      | Found a staircase to the Ecumenical Temple.
  8048 | Temple   | Entered the Ecumenical Temple
  8142 | Temple   | Became a worshipper of Sif Muna the Loreminder
  8781 | D:8      | Identified a scroll of acquirement
  8783 | D:8      | Acquired 1176 gold pieces
  8891 | D:8      | Noticed a two-headed ogre
  8900 | D:8      | Killed a two-headed ogre
  8901 | D:8      | Reached skill level 5 in Fighting
  8901 | D:8      | Reached skill level 9 in Earth Magic
  8901 | D:8      | Reached XP level 10. HP: 59/59 MP: 7/20
  9095 | D:8      | Reached * piety under Sif Muna
  9360 | D:8      | Noticed a two-headed ogre
  9368 | D:8      | Killed a two-headed ogre
  9369 | D:8      | Reached skill level 5 in Conjurations
  9690 | D:8      | Reached skill level 10 in Earth Magic
  9694 | D:8      | Reached skill level 5 in Dodging
  9923 | D:9      | Found a staircase to the Lair.
 11284 | D:10     | Entered Level 10 of the Dungeon
 11284 | D:10     | Found Ylurupt's Distillery.
 11289 | D:10     | Bought a potion of curing for 45 gold pieces
 11289 | D:10     | Bought a potion of curing for 45 gold pieces
 11289 | D:10     | Bought a potion of curing for 45 gold pieces
 11289 | D:10     | Bought a potion of resistance for 150 gold pieces
 11289 | D:10     | Bought a potion of curing for 45 gold pieces
 11289 | D:10     | Bought a potion of might for 60 gold pieces
 11289 | D:10     | Bought a potion of curing for 45 gold pieces
 11289 | D:10     | Bought 2 potions of haste for 300 gold pieces
 11470 | D:10     | Found Xokykon's Book Boutique.
 11667 | D:10     | Reached ** piety under Sif Muna
 11991 | D:10     | Found Raubonee's Magic Scroll Shoppe.
 12039 | D:10     | Bought a scroll of remove curse for 42 gold pieces
 12039 | D:10     | Bought a scroll of fear for 49 gold pieces
 12039 | D:10     | Bought a scroll of identify for 28 gold pieces
 12039 | D:10     | Bought a scroll of identify for 28 gold pieces
 12039 | D:10     | Bought a scroll of summoning for 133 gold pieces
 12039 | D:10     | Bought a scroll of fear for 49 gold pieces
 12039 | D:10     | Bought a scroll of remove curse for 42 gold pieces
 12039 | D:10     | Bought a scroll of teleportation for 42 gold pieces
 12039 | D:10     | Bought a scroll of brand weapon for 280 gold pieces
 12323 | D:11     | Reached skill level 1 in Evocations
 12458 | D:11     | Reached XP level 11. HP: 66/66 MP: 17/23
 12463 | D:11     | Got a faintly glowing quarterstaff
 12464 | D:11     | Identified the +11 quarterstaff of Wyrd {protect, rN+ MP+9
                  | Dex-3} (You found it on level 11 of the Dungeon)
 12708 | D:11     | Noticed a brown ugly thing
 13204 | D:11     | Noticed a boulder beetle
 13225 | D:11     | Mangled by a boulder beetle

Illustrated notes

Levels and vault maps discovered:
D:1:      wander_arrival_desolate, layout_basic
D:2:      layout_rooms, uniq_jessica
D:3:      layout_basic, uniq_ijyb
D:4:      layout_cave_pods, serial_shops, nicolae_shop_overgrown_old_shop,
          corexii_hall_statues_l
D:5:      layout_basic
D:6:      layout_gridville, lemuel_crystal_altar, basic_altar, moated_statue
D:7:      layout_basic, minmay_temple_entry_trees
D:8:      layout_loops_ring
D:9:      layout_long_grid, lair_entry_dummy
D:10:     layout_loops_cross, serial_shops, nicolae_shop_crystal, shop,
          nicolae_shop_stone
D:11:     minmay_wavy_crystal, layout_irregular_city
Temple:   minmay_crystal_snake_temple

Skill      XL: |  1  2  3  4  5  6  7  8  9 10 |
---------------+-------------------------------+-----
Earth Magic    | 4 5 6 7 9 10 | 10.9
Transmutations | 1 |  1.0
Dodging        | 2 3 4 5 |  5.5
Fighting       | 1 2 3 4 5 6 |  6.5
Stealth        | 3 4 5 |  5.0
Spellcasting   | 3 4 5 6 8 |  8.2
Conjurations   | 1 3 4 5 |  5.9
Evocations     | 1 |  1.4

Action                   |  1- 3 |  4- 6 |  7- 9 | 10-12 || total
-------------------------+-------+-------+-------+-------++-------
Melee: Unarmed           |    22 |    38 |    96 |       ||   156
       Staff             |       |       |       |    35 ||    35
       Quarterstaff      |       |       |       |    12 ||    12
 Cast: Sandblast         |    55 |    86 |   170 |    18 ||   329
       Stone Arrow       |       |       |    27 |   106 ||   133
       Lee's Rapid Decon |       |       |     5 |     9 ||    14
       Passwall          |       |       |       |     3 ||     3
  Use: Scroll            |       |       |    15 |     8 ||    23
       Potion            |       |       |     3 |     1 ||     4
 Stab: Sleeping          |       |       |     1 |     1 ||     2
Armor: Robe              |    46 |    22 |    94 |    45 ||   207
Dodge: Dodged            |    62 |    33 |   174 |   113 ||   382
